 Dungeon Crawl Stone Soup version 0.17.0-23-g0de4337 (webtiles) character file.

78 septik the Twirler (level 4, 22/27 HPs)
             Began as a Gargoyle Gladiator on Nov 14, 2015.
             Starved to death
             ... while paralysed
             ... on level 2 of the Dungeon.
             The game lasted 00:03:07 (1901 turns).

septik the Twirler (Gargoyle Gladiator)             Turns: 1901, Time: 00:03:07

Health: 22/27      AC: 10    Str: 19    XL:     4   Next: 36%
Magic:  4/4        EV:  2    Int:  8    God:
Gold:   49         SH:  0    Dex: 11    Spells: 0 memorised, 3 levels left

rFire  . . .     SeeInvis .     o - +1 mace (venom)
rCold  . . .     Clarity  .     m - +0 ring mail
rNeg   + . .     SustAt   .     (no shield)
rPois  ∞         Gourm    .     c - +0 helmet
rElec  +         Spirit   .     n - +0 cloak
rCorr  .         Warding  .     (no gloves)
rMut   .         Stasis   .     (no boots)
MR     .....                    (no amulet)
Stlth  +.........               (no ring)
                                (no ring)

@: paralysed, fainting, not resistant to hostile enchantments, very unstealthy
A: negative energy resistance 1, electricity resistance, unbreathing,
petrification resistance, rot immunity, AC +3
a: no special abilities


You were on level 2 of the Dungeon.
You were fainting.

You visited 1 branch of the dungeon, and saw 2 of its levels.

You collected 49 gold pieces.

Inventory:

Hand Weapons
 a - a +0 quarterstaff
 o - a +1 mace of venom (weapon)
Missiles
 d - 3 throwing nets (quivered)
Armour
 c - a +0 helmet (worn)
 m - a +0 ring mail (worn)
 n - a +0 cloak (worn)
Scrolls
 b - a scroll of magic mapping {unknown}
 f - a scroll of recharging {unknown}
 i - 2 scrolls of immolation {unknown}
 l - 2 scrolls of remove curse {unknown}
Potions
 h - 3 potions of curing {unknown}
 j - a potion of heal wounds {unknown}
 k - 2 potions of degeneration {unknown}


   Skills:
 - Level 2.3 Fighting
 * Level 4.8 Staves
 - Level 1.7 Throwing
 - Level 0.2 Armour
 - Level 2.6 Dodging


You had 3 spell levels left.
You didn't know any spells.

Dungeon Overview and Level Annotations

Branches:
Dungeon (2/15)

Altars:


Innate Abilities, Weirdness & Mutations

You are resistant to torment.
Your stone body is resilient (AC +3).
You are immune to poison.
You resist negative energy.
You are resistant to electric shocks.
You can survive without breathing.
You are immune to petrification.
You are immune to rotting.


Message History

You feel slightly more hungry.
Unknown command.
You miss the hungry ghost. The hungry ghost hits you.
You feel slightly more hungry.
Unknown command.
You miss the hungry ghost.
You lose consciousness!
The hungry ghost hits you.
You feel slightly more hungry. The hungry ghost completely misses you.
The hungry ghost barely misses you. The hungry ghost hits you.
You feel slightly more hungry. The hungry ghost hits you.
You feel slightly more hungry. The hungry ghost hits you.
You feel slightly more hungry. The hungry ghost hits you.
You feel slightly more hungry. The hungry ghost hits you.
You feel slightly more hungry. The hungry ghost hits you.
You feel slightly more hungry. The hungry ghost barely misses you.
The hungry ghost completely misses you.
You have starved to death.
You die...

.........####...##.....#
#.......
................##.....#
########
.........####...##.....#
.........'..#.#.##>...##
.........##.#.#.##....# ##
.####....##.#.#.##....# #.
.# #....##.#.#.###.#.# #.
.# #....##.#.#.###.#.# #.
.# #....####.#.@.#.#.####
#. ##
#.#.......###W.......# #.
#.#########..........# #.
#####.# ###........# #.
......# ######........# #.
############.............#
#. #
#................)....# #.
# #.######..(....#.#[####
#. # #.# #.........#)# #.


You could see a hungry ghost.

Vanquished Creatures
  Robin (D:2)
  2 adders (D:2)
  A worm (D:2)
  2 bats (D:1)
  2 giant cockroaches
  16 goblins
  3 hobgoblins (D:2)
  2 ball pythons (D:2)
  2 giant newts
  9 kobolds
  11 rats
51 creatures vanquished.

Notes
Turn   | Place    | Note
--------------------------------------------------------------
     0 | D:1      | septik the Gargoyle Gladiator began the quest for the Orb.
     0 | D:1      | Reached XP level 1. HP: 12/12 MP: 1/1
   155 | D:1      | Reached XP level 2. HP: 9/18 MP: 2/2
  1009 | D:2      | Reached XP level 3. HP: 22/22 MP: 3/3
  1249 | D:2      | Noticed Robin
  1263 | D:2      | Reached skill level 4 in Staves
  1301 | D:2      | Killed Robin
  1301 | D:2      | Reached XP level 4. HP: 17/27 MP: 4/4
  1767 | D:2      | Noticed a hungry ghost
  1901 | D:2      | Starved to death

Action                   |  1- 3 |  4- 6 || total
-------------------------+-------+-------++-------
Melee: Quarterstaff      |   143 |       ||   143
       Mace              |       |    33 ||    33
  Eat: Chunk             |     1 |     3 ||     4
       Bread ration      |       |     2 ||     2
